 Dungeon Crawl Stone Soup version 0.29-a0-418-gc0181ea820 (webtiles) character file.

Game seed: 15658168538775133304

207 KristoblXynda the Slasher (level 5, -1/45 HPs)
             Began as a Draconian Gladiator on May 17, 2022.
             Slain by a gnoll
             ... wielding a +0 whip
             ... led by a gnoll sergeant
              (7 damage)
             ... on level 4 of the Dungeon.
             The game lasted 00:03:59 (3427 turns).

KristoblXynda the Slasher (Draconian Gladiator)     Turns: 3427, Time: 00:04:01

Health: -1/45      AC:  5    Str: 17    XL:     5   Next: 54%
Magic:  5/5        EV: 14    Int: 10    God:
Gold:   184        SH:  0    Dex: 18    Spells: 4/4 levels left

rFire   . . .      SeeInvis .   h - +2 short sword (venom)
rCold   . . .      Faith    .   (no shield)
rNeg    . . .      Spirit   .   (body armour unavailable)
rPois   .          Reflect  .   b - +0 hat
rElec   .          Harm     .   (no cloak)
rCorr   +          Rampage  .   (no gloves)
Will    .....                   (no boots)
Stlth   ++........              (no amulet)
HPRegen 0.15/turn               n - ring of resist corrosion
MPRegen 0.09/turn               q - +6 ring of dexterity

@: no status effects
A: AC +5, unfitting armour, cold-blooded
a: no special abilities


You were on level 4 of the Dungeon.
You visited 1 branch of the dungeon, and saw 4 of its levels.

You collected 184 gold pieces.

Inventory:

Hand Weapons
 a - a +0 long sword
 h - a +2 short sword of venom (weapon)
Missiles
 c - 2 throwing nets (quivered)
 d - a javelin
Armour
 b - a +0 hat (worn)
Jewellery
 j - a +6 ring of intelligence
 n - a ring of resist corrosion (left hand)
 q - a +6 ring of dexterity (right hand)
 t - a ring of ice
Scrolls
 e - a scroll of identify {unknown}
 f - a scroll of teleportation {unknown}
 i - a scroll of fog {unknown}
 l - a scroll of magic mapping {unknown}
 m - a scroll of fear {unknown}
 o - a scroll of silence {unknown}
 p - a scroll of immolation {unknown}
 s - a scroll of poison {unknown}
Potions
 g - a potion of might {unknown}
 k - a potion of curing
 r - a potion of flight {unknown}


   Skills:
 + Level 3.3 Fighting
 - Level 1.1(3.0) Short Blades
 * Level 4.4(4.5) Long Blades
 - Level 2.0 Throwing
 + Level 3.9 Dodging


You had 4 spell levels left.
You didn't know any spells.
Your spell library contained the following spells:

 Spells                   Type           Power      Damage    Failure   Level
 Animate Skeleton         Necr           0%         N/A       36%         1
 Apportation              Tloc           0%         N/A       36%         1
 Freeze                   Ice            0%         1d3       36%         1
 Summon Small Mammal      Summ           0%         N/A       36%         1
 Frozen Ramparts          Ice            0%         1d2       75%         3
 Hailstorm                Conj/Ice       0%         3d3       98%         4


Dungeon Overview and Level Annotations

Branches:
Dungeon (4/15)
 Temple: D:4-7

Altars:
Dithmenos
Sif Muna

Shops:
D:1 (

Annotations:
D:3 1 transporter, Serus's ghost, amateur HOFi


Innate Abilities, Weirdness & Mutations

Your plain brown scales are hard. (AC +5)
You cannot fit into any form of body armour.
You are cold-blooded and may be slowed by cold attacks.


Message History

The gnoll sergeant looks as sick as possible!
The gnoll sergeant is lightly wounded.
The gnoll closely misses you. The gnoll sergeant misses you.
You hit the gnoll sergeant but do no damage.
The gnoll sergeant looks as sick as possible!
The gnoll sergeant is lightly wounded.
The gnoll sergeant hits you with a +0 spear of flaming!
* * * LOW HITPOINT WARNING * * *
The gnoll sergeant burns you.
* * * LOW HITPOINT WARNING * * *
The gnoll hits you with a +0 whip.
* * * LOW HITPOINT WARNING * * *
Unknown command.
It was a potion of curing.
You feel better.
The gnoll sergeant hits you with a +0 spear of flaming.
* * * LOW HITPOINT WARNING * * *
The gnoll sergeant burns you.
* * * LOW HITPOINT WARNING * * *
The gnoll closely misses you.
Throw: 3 throwing nets
Press: ? - help, Q - select action, (/) - cycle Shift-Dir - straight line, f - gnoll sergeant
Aim: a gnoll sergeant, wielding a +0 spear of flaming and wearing a +0 ring mail (moderately wounded, extremely poisoned, 70% to hit)
You throw a throwing net.
The throwing net hits the gnoll sergeant.
The gnoll sergeant is caught in the net!
The gnoll sergeant is moderately wounded.
The gnoll closely misses you.
The gnoll sergeant struggles against the net.
You hit the gnoll sergeant. You tail-slap the gnoll sergeant.
The gnoll sergeant is severely wounded.
The gnoll sergeant struggles against the net.
The gnoll hits you with a +0 whip.
* * * LOW HITPOINT WARNING * * *
You catch the helpless gnoll sergeant completely off-guard!
You hit the gnoll sergeant.
The gnoll sergeant looks as sick as possible!
You tail-slap the gnoll sergeant, but do no damage.
The gnoll sergeant is almost dead.
The gnoll hits you with a +0 whip!
You die...

########
#g@g..รท####
#<####..).# #.#
####.# #.#
#g#######. #######
##.# #.g...g..>
##.....## #..#
#........g..g.
#.<.....##
##.###...###........
.........# #..#E#..
#........ .......).#
##.####. #######..


You could see a gnoll sergeant (caught, extremely poisoned) and a gnoll.

Vanquished Creatures
  6 gnolls
  7 adders
  A worm (D:3)
  2 dart slugs
  6 orcs (D:3)
  5 endoplasms
  3 giant cockroaches
  4 goblins
  10 hobgoblins
  7 jackals
  3 kobolds
  A quokka (D:1)
  4 ball pythons
  7 bats
  4 frilled lizards
  5 rats
75 creatures vanquished.

Notes
Turn   | Place    | Note
-------+----------+-------------------------------------------
     0 | D:1      | KristoblXynda the Draconian Gladiator began the quest for
                  | the Orb.
     0 | D:1      | Reached XP level 1. HP: 17/17 MP: 1/1
   255 | D:1      | Reached XP level 2. HP: 24/24 MP: 2/2
   281 | D:1      | Found a faded altar of an unknown god.
   873 | D:1      | Found Baneurch's Antique Weapon Shoppe.
   967 | D:2      | Reached XP level 3. HP: 6/30 MP: 3/3
  1261 | D:2      | Found a shadowy altar of Dithmenos.
  1571 | D:2      | Reached XP level 4. HP: 33/37 MP: 4/4
  1575 | D:2      | Reached skill level 1 in Short Blades
  1955 | D:3      | Reached skill level 4 in Long Blades
  2155 | D:3      | Found a shimmering blue altar of Sif Muna.
  2163 | D:3      | Reached XP level 5. HP: 35/45 MP: 5/5
  2563 | D:3      | Noticed an ogre
  2564 | D:3      | Found a transporter.
  2564 | D:3      | Noticed Serus's ghost (amateur HOFi)
  2566 | D:3      | Noticed an ogre
  2996 | D:4      | Noticed an air elemental
  3427 | D:4      | Slain by a gnoll

Illustrated notes

Levels and vault maps discovered:
D:1:      onia_arrival_handbag, layout_basic, serial_shops, shop,
          hellmonk_ecumenical_altar_dog_temple
D:2:      layout_rooms, basic_altar
D:3:      layout_loops_ring, nicolae_sif_muna_little_library,
          gammafunk_ghost_smash
D:4:      layout_rooms, kennysheep_mini, lemuel_tele_altar,
          nicolae_qazlal_style_of_elements

Skill      XL: |  1  2  3  4 |
---------------+-------------+-----
Dodging        | 3 |  3.9
Short Blades   | 1 |  1.1
Fighting       | 3 |  3.3
Throwing       | 2 |  2.0
Long Blades    | 4 |  4.4

Action                   |  1- 3 |  4- 6 || total
-------------------------+-------+-------++-------
Melee: Long sword        |    26 |       ||    26
       Short sword       |    70 |   108 ||   178
       Tailslap          |     7 |    18 ||    25
       Punch             |     2 |     3 ||     5
Throw: Throwing net      |       |     1 ||     1
  Use: Potion            |     1 |     1 ||     2
 Stab: Sleeping          |       |     3 ||     3
       Held in net/web   |       |     1 ||     1
Armor: Skin              |    31 |    23 ||    54
Dodge: Dodged            |    65 |    86 ||   151

Table legend: (Time is in decaauts)
 A = Elapsed time spent in this place.
 B = Non-inter-level travel time spent in this place.
 C = Inter-level travel time spent in this place.
 D = Time resting spent in this place.
 E = Time spent auto-exploring this place.
 F = Levels seen in this place.
 G = Mean time per level.
                   A        B        C        D        E       F      G
               +--------+--------+--------+--------+--------+-----+--------+
         Total |   3430 |   3340 |     90 |    942 |   1899 |   4 |  857.5 |
       Dungeon |   3430 |   3340 |     90 |    942 |   1899 |   4 |  857.5 |
               +--------+--------+--------+--------+--------+-----+--------+

Top non-repeatable levels by time:
     D:3: 1465 daAuts
     D:1: 965 daAuts
     D:2: 907 daAuts
     D:4: 91 daAuts
